Unix NetHack Version 5.0.0-0 post-release - last build May  4 2026 22:22:43 (774f63e81ad911689b3a0859ea89b322d5daca8d,branch:main).

Game began 2026-05-07 08:09:31, ended 2026-05-07 08:35:11.

2461479678, neutral male gnomish Caveman

                                                          -----
                                                          |...|
                                      ----------------   #|..%|        -----
                                      |..............|`###.(.<.       .....|
                                      |..........*...|####-.---            |
                                      |......B@.......#
                                      ------.---------#

2461479678 the Aborigine  St:18 Dx:14 Co:16 In:10 Wi:9 Ch:7  Neutral
Dlvl:4  $:34 HP:0(23) Pw:8(8) AC:8  Xp:3 T:984  Fainted  Deaf

Latest messages:
 This door is locked.
 You descend the stairs.
 You hear the footsteps of a guard on patrol.
 The door opens.
 You hear a door open.
 Something is written here in the dust.
 You read: "ad ae????u?".
 You hear a door open.
 You are beginning to feel weak.
 The goblin throws a crude dagger!
 You are hit by a crude dagger.
 You kill the goblin!
 You see here an iron skull cap.
 You faint from lack of food.
 You regain consciousness.
 You can hear again.
 You descend the stairs.
 You faint from lack of food.
 You regain consciousness.
 You kill the shrieker!
 You can hear again.
 You see here a shrieker corpse.
 You see here a sky blue potion.
 You faint from lack of food.
 You regain consciousness.
 f - a sky blue potion.
 You faint from lack of food.
 You regain consciousness.
 You see here a chest.
 You can hear again.
 You try to move the boulder, but in vain.
 You try to move the boulder, but in vain.
 You try to move the boulder, but in vain.
 You try to move the boulder, but in vain.
 You see here 13 gold pieces.
 $ - 13 gold pieces (34 in total).
 You faint from lack of food.
 The giant bat bites!
 The giant bat bites!
 The giant bat bites!
 The giant bat bites!
 The giant bat bites!
 The giant bat bites!
 The giant bat bites!
 You die...
 Do you want your possessions identified? [ynq] (y) y
 Do you want to see your attributes? [ynq] (y) y
 Do you want an account of creatures vanquished? [ynaq] (y) y
 Do you want to see your conduct and achievements? [ynq] (y) y
 Do you want to see the dungeon overview? [ynq] (y) q

Inventory:
 Coins    ('$')
  $ - 34 gold pieces
 Weapons  (')')
  b - a blessed +2 sling (alternate weapon; not wielded)
  a - a +1 club (weapon in right hand)
 Armor    ('[')
  e - a blessed +0 leather armor (being worn)
 Potions  ('!')
  f - an uncursed potion of booze
 Gems/Stones  ('*')
  c - 22 uncursed flint stones (in quiver pouch)
  d - 23 uncursed rocks

2461479678 the Caveman's attributes:

Background:
 You were an Aborigine, a level 3 gnomish Caveman.
 You were neutral, on a mission for Ishtar
 who was opposed by Anu (lawful) and Anshar (chaotic).
 You were right-handed.
 You were in the Dungeons of Doom, on level 4.
 You entered the dungeon 984 turns ago.
 You had 57 experience points, 23 more were needed to attain level 4.

Basics:
 You had 0 out of 23 hit points.
 You had all 8 energy points (spell power).
 Your armor class was 8.
 Your wallet contained 34 zorkmids.
 Autopickup was off.

Final Characteristics:
 Your strength was 18 (base:18/01, limit:18/50).
 Your dexterity was 14 (limit:18).
 Your constitution was 16 (limit:18).
 Your intelligence was 10 (limit:19).
 Your wisdom was 9 (limit:18).
 Your charisma was 7 (limit:18).

Final Status:
 You were deaf.
 You were fainted due to starvation.
 You were unencumbered.
 You were wielding a club.
 You had basic skill with club.

Final Attributes:
 You were devoutly aligned.
 You had infravision.
 You were warded.
 You are dead.

Miscellaneous:
 You didn't encounter any bones levels.
 Total elapsed playing time was 23 minutes and 8 seconds.

Major events:
 Turn
    1: 2461479678 the neutral gnomish Caveman entered the dungeon
  742: attained the rank of Aborigine (level 3)
  984: killed by a giant bat, while fainted from lack of food

You didn't know any spells.

Skills:
 Fighting Skills
   bare handed combat [Basic]
 Weapon Skills
   dagger             [Unskilled]
   knife              [Unskilled]
   axe                [Unskilled]
   pick-axe           [Unskilled]
   club               [Basic]
   mace               [Unskilled]
   morning star       [Unskilled]
   flail              [Unskilled]
   hammer             [Unskilled]
   quarterstaff       [Unskilled]
   polearms           [Unskilled]
   spear              [Unskilled]
   trident            [Unskilled]
   bow                [Unskilled]
   sling              [Basic]
   boomerang          [Unskilled]
   unicorn horn       [Unskilled]
 Spellcasting Skills
   attack spells      [Unskilled]
   matter spells      [Unskilled]

Voluntary challenges:
 Character rerolling was not enabled.
 You went without food.
 You were an atheist.
 You were illiterate.
 You never genocided any monsters.
 You never polymorphed an object.
 You never changed form.
 You used no wishes.
Achievement:
 You attained the rank of Aborigine.

 The Dungeons of Doom: levels 1 to 4
    Level 1:
    Level 2:
       Some graves.
    Level 3:
       A fountain.
    Level 4: <- You were here.
       Final resting place for
          you, killed by a giant bat, while fainted from lack of food.


Vanquished creatures:
  a shrieker
  9 jackals
  a kobold
  4 goblins
  2 sewer rats
  4 grid bugs
  a lichen
  a kobold zombie
  a newt
24 creatures vanquished.

No species were genocided or became extinct.

Game over:
                       ----------
                      /          \
                     /    REST    \
                    /      IN      \
                   /     PEACE      \
                  /                  \
                  |    2461479678    |
                  |      34 Au       |
                  |   killed by a    |
                  |    giant bat     |
                  |                  |
                  |                  |
                  |       2026       |
                 *|     *  *  *      | *
        _________)/\\_//(\/(/\)/\//\/|_)_______

Goodbye 2461479678 the Caveman...

You died in The Dungeons of Doom on dungeon level 4 with 409 points,
and 34 pieces of gold, after 984 moves.
You were level 3 with a maximum of 23 hit points when you died.

